 Dungeon Crawl Stone Soup version 0.30-a0-924-g0ad0bf95bc (webtiles) character file.

Game seed: 15393951589057453022

14 Twinkles the Chopper (level 2, 0/21 (25) HPs)
             Began as a Hill Orc Reaver on Mar 23, 2023.
             Slain by Terence
             ... wielding a +0 flail
              (8 damage)
             ... on level 2 of the Dungeon.
             The game lasted 00:01:05 (866 turns).

Twinkles the Chopper (Hill Orc Reaver)               Turns: 866, Time: 00:01:06

HP:   0/21 (25)     AC:  3    Str: 14    XL:     2   Next: 41%
MP:   3/4           EV: 11    Int: 13    God:
Gold: 26            SH:  0    Dex:  9    Spells: 3/4 levels left

rFire   . . .      SeeInvis .    a - +0 hand axe
rCold   . . .      Faith    .    (no shield)
rNeg    . . .      Spirit   .    b - +0 leather armour
rPois   .          Reflect  .    (no helmet)
rElec   .          Rampage  .    (no cloak)
rCorr   .                        (no gloves)
Will    .....                    (no boots)
Stlth   +                        (no amulet)
HPRegen 0.23/turn                (no ring)
MPRegen 0.09/turn                (no ring)

@: heavily drained
A: no striking features
a: no special abilities


You were on level 2 of the Dungeon.
You visited 1 branch of the dungeon, and saw 2 of its levels.

You collected 26 gold pieces.

Inventory:

Hand Weapons
 a - a +0 hand axe (weapon)
Missiles
 g - 6 poisoned darts
Armour
 b - a +0 leather armour (worn)
Scrolls
 f - 2 scrolls of teleportation {unknown}
Potions
 c - 2 potions of curing {unknown}
 d - 2 potions of invisibility {unknown}
 e - a potion of haste {unknown}
 h - a potion of mutation {unknown}


   Skills:
 + Level 2.7 Fighting
 + Level 4.2 Axes
 + Level 1.7 Dodging
 + Level 1.7 Spellcasting
 + Level 3.1 Conjurations


You had 3 spell levels left.
You knew the following spells:

 Your Spells              Type           Power      Damage    Failure   Level
a - Kiss of Death         Conj/Necr      20%        2d7       17%         1

Your spell library contained the following spells:

 Spells                   Type           Power      Damage    Failure   Level
 Momentum Strike          Conj/Tloc      10%        3d8       26%         2
 Slow                     Hex            4%         N/A       32%         1
 Hailstorm                Conj/Ice       5%         3d4       45%         3
 Call Canine Familiar     Summ           1%         N/A       69%         3
 Confusing Touch          Hex            1%         N/A       69%         3
 Portal Projectile        Hex/Tloc       2%         N/A       69%         3
 Vampiric Draining        Necr           1%         2d6       69%         3
 Leda's Liquefaction      Hex/Erth       0%         N/A       97%         4


Dungeon Overview and Level Annotations

Branches:
Dungeon (2/15) Zot: 11128

Altars:

Annotations:
D:2 Terence


Message History

The kobold shouts!
You see here 10 gold pieces.
Found a scroll labelled APRAAL SAHYSI.
The kobold barely misses you.
You barely miss the kobold. The kobold misses you.
You barely miss the kobold. The kobold completely misses you.
You hit the kobold.
You kill the kobold!
No target in view!
No target in view!
You now have 25 gold pieces (gained 10).
You now have 26 gold pieces (gained 1).
Things that are here:
a +0 short sword; a kobold corpse
f - 2 scrolls labelled APRAAL SAHYSI (gained 1) Terence the Incautious comes into view.
He is wielding a +0 flail.
A hobgoblin comes into view.
Found a dagger.
The hobgoblin shouts!
Terence hits you with a +0 flail.
You closely miss Terence. Terence misses you.
You hit Terence.
Terence is lightly wounded.
Terence hits you but does no damage. Terence attacks as you move away!
Terence hits you with a +0 flail! Terence attacks as you move away!
Terence barely misses you.
You hit Terence.
Terence is moderately wounded.
Terence hits you with a +0 flail.
Casting: Kiss of Death (safe; 17% risk of failure)
Confirm with . or Enter, or press ? or * to list all spells.
Aiming: Kiss of Death (safe; 17% risk of failure)
Press: ? - help, Shift-Dir - straight line, f - Terence
Aim: Terence, wielding a +0 flail and wearing a +0 scale mail (moderately wounded, 100% to hit)
The negative energy hits Terence but does no damage.
Terence is drained!
Terence is heavily wounded.
You feel drained.
Terence says, "Rest in peace."
Terence hits you with a +0 flail!
You die...

#...#.###.#.# ......
.... .....#.# #.....
..#........ #..... )..
..... ###### #......#
#####.#...#.#
............#
#.#.#########
#..g@@.......
###.##################
#..............)....
####################


You could see Terence (very drained) and a hobgoblin.

Vanquished Creatures
  4 ball pythons (D:1)
  An endoplasm (D:1)
  2 goblins (D:1)
  A quokka (D:1)
  A bat (D:1)
  2 kobolds
  3 rats (D:1)
14 creatures vanquished.

Notes
Turn   | Place    | Note
-------+----------+-------------------------------------------
     0 | D:1      | Twinkles the Hill Orc Reaver began the quest for the Orb.
     0 | D:1      | Reached XP level 1. HP: 18/18 MP: 3/3
   247 | D:1      | Reached XP level 2. HP: 22/25 MP: 4/4
   859 | D:2      | Noticed Terence
   866 | D:2      | Slain by Terence

Illustrated notes

Levels and vault maps discovered:
D:1:      minmay_arrival_four_loops, layout_loops_ring
D:2:      layout_basic, serial_shops, nicolae_shop_stone, basic_altar,
          serial_park_tiny_1, hangedman_decor_slide_cut, uniq_terence,
          uniq_natasha

Action                     || total
---------------------------++-------
  Melee: Hand axe          ||    47
   Cast: Kiss of Death     ||     1
 Armour: Leather armour    ||     9
  Dodge: Dodged            ||    30

Table legend: (Time is in decaauts)
 A = Elapsed time spent in this place.
 B = Non-inter-level travel time spent in this place.
 C = Inter-level travel time spent in this place.
 D = Time resting spent in this place.
 E = Time spent auto-exploring this place.
 F = Levels seen in this place.
 G = Mean time per level.
                   A        B        C        D        E       F      G
               +--------+--------+--------+--------+--------+-----+--------+
         Total |    870 |    846 |     24 |      0 |    740 |   2 |  435.0 |
       Dungeon |    870 |    846 |     24 |      0 |    740 |   2 |  435.0 |
               +--------+--------+--------+--------+--------+-----+--------+

Top non-repeatable levels by time:
     D:1: 797 daAuts
     D:2: 73 daAuts
